 Dungeon Crawl Stone Soup version 0.17.0-17-ge4ba49f (webtiles) character file.

124 Kold the Sneak (level 5, -4/29 HPs)
             Began as a Vine Stalker Monk on Nov 11, 2015.
             Was a Priest of Cheibriados.
             Slain by a gnoll
             ... wielding a +2 spear of chaos
              (13 damage)
             ... on level 2 of the Dungeon.
             The game lasted 00:05:44 (2413 turns).

Kold the Sneak (Vine Stalker Monk)                  Turns: 2413, Time: 00:05:44

Health: -4/29      AC:  2    Str: 21    XL:     5   Next: 8%
Magic:  0/6        EV: 15    Int: 17    God:    Cheibriados [***...]
Gold:   208        SH:  0    Dex: 24    Spells: 0 memorised, 4 levels left

rFire  . . .     SeeInvis .       - Unarmed
rCold  . . .     Clarity  .     a - +0 robe
rNeg   . . .     SustAt   .     (no shield)
rPois  .         Gourm    .     (no helmet)
rElec  .         Spirit   +     (no cloak)
rCorr  .         Warding  .     (no gloves)
rMut   .         Stasis   .     (no boots)
MR     .....                    (no amulet)
Stlth  +++.......               (no ring)
                                (no ring)

@: very slow, not resistant to hostile enchantments, fairly stealthy
A: fangs 2, regeneration 1, magic shield, antimagic bite, no device heal 3, rot
immunity
a: Bend Time, Temporal Distortion, Renounce Religion


You were on level 2 of the Dungeon.
You worshipped Cheibriados.
Cheibriados was most pleased with you.
You were not hungry.

You visited 1 branch of the dungeon, and saw 3 of its levels.

You collected 208 gold pieces.

Inventory:

Hand Weapons
 g - a +0 short sword
 q - a +0 rapier
Armour
 a - a +0 robe (worn)
Jewellery
 r - a +2 ring of dexterity {unknown}
Scrolls
 j - a scroll of enchant weapon {unknown}
 n - a scroll of immolation {unknown}
 p - 3 scrolls of identify {unknown}
Potions
 c - a potion of cancellation {unknown}
 d - 2 potions of lignification {unknown}
 e - 3 potions of degeneration {unknown}
 h - 4 potions of curing {unknown}
 i - a potion of heal wounds {unknown}
 k - 2 potions of ambrosia {unknown}
 m - a potion of flight {unknown}
 o - a potion of brilliance {unknown}
Comestibles
 b - 4 bread rations
 f - a slice of pizza
 l - 4 fruits


   Skills:
 + Level 3.8 Fighting
 * Level 0.3 Short Blades
 + Level 3.1 Dodging
 - Level 4.1 Stealth
 - Level 4.0 Unarmed Combat


You had 4 spell levels left.
You didn't know any spells.

Dungeon Overview and Level Annotations

Branches:
Dungeon (3/15)

Altars:
Cheibriados

Annotations:
D:3 Grinder


Innate Abilities, Weirdness & Mutations

You have extremely sharp teeth.
Your natural rate of healing is unusually fast.
When hurt, damage is shared between your health and your magic reserves.
Your bite disrupts and absorbs the magic of your enemies.
Potions and wands cannot restore your health.
You are immune to rotting.


Message History

The gnoll hits you but does no damage.
The gnoll hits you with a dagger of chaos.
You feel much better.
The gnoll hits you with a dagger of chaos.
The gnoll hits you with a dagger of chaos.
The gnoll freezes you.
You punch the gnoll! Your bite misses the gnoll.
The gnoll is heavily wounded.
The gnoll hits you from afar with a spear of chaos.
The gnoll barely misses you.
You barely miss the gnoll. You bite the gnoll. You drain its power.
You feel invigorated.
The gnoll is heavily wounded.
The gnoll closely misses you. x2
You hit the gnoll. You bite the gnoll. You drain its power.
You feel invigorated.
The gnoll is almost dead.
The gnoll hits you from afar with a spear of chaos!
Space warps horribly around you!
You die...

....#
..⌠.#≈. #.#
.####
#.#.≈##.#
....#
#.%≈##.#
.#..#
#.#⌠≈#.#
....#
#.≈.⌠#...S#
###.#
..#⌠g.###g#
### .##.≈#.
#g# ≈#.#≈..
#g# #g≈#?⌠
#@# ###
..≈≈##$ #.#
###.##
.⌠###..##.##
.....##
..#≈##...#
###>..#
###.#
......# #.#
#####.# #.#
#.# #.# ##.#
#.#


You could see 3 gnolls and an adder.

Vanquished Creatures
  3 adders
  A gnoll (D:1)
  An ooze (D:2)
  7 worms
  An orc (D:3)
  5 goblins
  6 hobgoblins
  7 bats
  3 giant cockroaches
  3 giant geckos (D:2)
  2 giant newts (D:1)
  3 jackals (D:3)
  8 kobolds
  10 rats
60 creatures vanquished.

Notes
Turn   | Place    | Note
--------------------------------------------------------------
     0 | D:1      | Kold the Vine Stalker Monk began the quest for the Orb.
     0 | D:1      | Reached XP level 1. HP: 11/11 MP: 2/2
   140 | D:1      | Reached XP level 2. HP: 16/16 MP: 3/3
   339 | D:1      | Reached XP level 3. HP: 18/20 MP: 4/4
  1222 | D:1      | HP: 1/20 [poisoned by a gnoll]
  1230 | D:1      | HP: 1/20 [poisoned by a gnoll]
  1409 | D:2      | Reached XP level 4. HP: 21/24 MP: 3/5
  1853 | D:3      | Found a faded altar to an unknown god.
  1864 | D:3      | Became a worshipper of Cheibriados the Contemplative
  1864 | D:3      | Reached * piety under Cheibriados
  1864 | D:3      | Reached ** piety under Cheibriados
  2023 | D:3      | Noticed Grinder
  2027 | D:3      | Paralysed by Grinder for 5 turns
  2232 | D:2      | Reached *** piety under Cheibriados
  2232 | D:2      | Reached XP level 5. HP: 29/29 MP: 6/6
  2413 | D:2      | Slain by a gnoll

Action                   |  1- 3 |  4- 6 || total
-------------------------+-------+-------++-------
Melee: Unarmed           |    83 |    92 ||   175
  Use: Scroll            |     1 |       ||     1
 Stab: Sleeping          |     8 |     6 ||    14
       Distracted        |       |     1 ||     1
  Eat: Chunk             |     1 |     3 ||     4
